 Dungeon Crawl Stone Soup version 0.31-a0-237-g2d982f9f85 (webtiles) character file.

Game seed: 10642094659287589680

38 qw the Shooter (level 3, 0/29 HPs)
             Began as a Minotaur Hexslinger on July 10, 2023.
             Slain by an orc
             ... wielding a +0 short sword
              (3 damage)
             ... on level 2 of the Dungeon.
             The game lasted 00:00:21 (834 turns).

qw the Shooter (Minotaur Hexslinger)                 Turns: 834, Time: 00:00:21

Health: 0/29       AC:  3    Str: 12    XL:     3   Next: 25%
Magic:  3/3        EV: 12    Int: 10    God:
Gold:   23         SH:  0    Dex: 14    Spells: 3/4 levels left

rFire   . . .        Y - +1 sling
rCold   . . .        (no shield)
rNeg    . . .        g - +0 leather armour
rPois   .            (helmet restricted)
rElec   .            (no cloak)
rCorr   .            (no gloves)
SInv    .            (no boots)
Will    .....        (no amulet)
Stlth   +            (no ring)
HPRegen 0.24/turn    (no ring)
MPRegen 0.08/turn

%: no passive effects
@: no status effects
A: horns 2, retaliatory headbutt
a: no special abilities


You were on level 2 of the Dungeon.
You visited 1 branch of the dungeon, and saw 2 of its levels.

You collected 23 gold pieces.


Innate Abilities, Weirdness & Mutations

You have a pair of horns on your head.
You reflexively headbutt those who attack you in melee.


   Skills:
 - Level 2.0 Fighting
 + Level 3.8 Ranged Weapons
 - Level 2.1 Dodging
 - Level 1.0 Spellcasting
 - Level 2.0 Hexes


You had 3 spell levels left.
You knew the following spells:

 Your Spells              Type           Power      Damage    Failure   Level
a - Slow                  Hex            16%        N/A       19%         1

Your spell library contained the following spells:

 Spells                   Type           Power      Damage    Failure   Level
 Inner Flame              Hex/Fire       2%         N/A       65%         3
 Portal Projectile        Hex/Tloc       4%         N/A       65%         3
 Cause Fear               Hex            2%         N/A       88%         4

Inventory:

Hand Weapons
 Y - a +1 sling (weapon)
Armour
 g - a +0 leather armour (worn)

Dungeon Overview and Level Annotations

Branches:
Dungeon (2/15)

Altars:


Message History

An orc comes into view. It is wielding a +0 short sword.
An orc comes into view. It is wielding a +0 club.
You shoot a sling bullet.
The sling bullet closely misses the orc. x2
You shoot a sling bullet.
The sling bullet hits the orc but does no damage.
You shoot a sling bullet. The sling bullet hits the orc.
The orc is lightly wounded.
The orc misses you.
You shoot a sling bullet. The sling bullet hits the orc.
The orc is almost dead.
The orc hits you with a +0 morningstar.
You shoot a sling bullet. The sling bullet hits the orc.
You kill the orc!
The orc closely misses you.
You shoot a sling bullet. The sling bullet hits the orc.
The orc is severely wounded.
The orc closely misses you.
You shoot a sling bullet. The sling bullet barely misses the orc.
You hear some strange, mumbled words.
A puff of flame appears from out of thin air!
The puff of flame hits you. The orc misses you.
You shoot a sling bullet. The sling bullet hits the orc.
You kill the orc!
Something hits you but does no damage. The orc hits you but does no damage.
Something hits you. The orc closely misses you.
The orc hits you with a +0 short sword.
You shoot a sling bullet. The sling bullet barely misses the orc.
Something hits you. The orc closely misses you.
The orc hits you with a +0 short sword.
You shoot a sling bullet.
The sling bullet closely misses the orc.
You hear some strange, mumbled words.
Something tries to affect you, but you resist.
The orc hits you but does no damage. The orc hits you with a +0 short sword.
You shoot a sling bullet.
The sling bullet hits the orc but does no damage.
Something hits you. The orc hits you with a +0 club.
The orc hits you with a +0 short sword.
You die...

......
##+#......
#.........
#.........
#..%......
#.........
###.oo......
#.¤%@{#
#.¤¤¤##
######¤¤_¤#
###....¤¤¤..#
#...####¤¤..#
##.### ######
#..#####
#......######
+......'....#


You could see 2 orcs.

Vanquished Creatures
  An adder zombie (D:2)
  2 orcs (D:2)
  2 ball pythons
  A bat skeleton (D:2)
  A bat zombie (D:2)
  3 endoplasms (D:1)
  A giant cockroach (D:2)
  5 goblins
  2 hobgoblins (D:1)
  4 kobolds
  A quokka (D:1)
  A bat (D:1)
  A frilled lizard (D:1)
  4 rats
29 creatures vanquished.

Notes
Turn   | Place    | Note
-------+----------+-------------------------------------------
     0 | D:1      | qw the Minotaur Hexslinger began the quest for the Orb.
     0 | D:1      | Reached XP level 1. HP: 16/16 MP: 1/1
     0 | D:1      | 0 ||| qw: Version: 0.3-a-52-g30416fa
     0 | D:1      | 0 ||| qw: Game counter: 5259
     0 | D:1      | 0 ||| qw: Melee chars always use a shield: true
     0 | D:1      | 0 ||| qw: God list: Okawaru
     0 | D:1      | 0 ||| qw: Allow faded altars: false
     0 | D:1      | 0 ||| qw: Do Orc after clearing Dungeon:15 true
     0 | D:1      | 0 ||| qw: Do second Lair branch before Depths: true
     0 | D:1      | 0 ||| qw: Lair rune preference: random
     0 | D:1      | 0 ||| qw: Goals: Normal
     0 | D:1      | 0 ||| PLANNING D:1-11
     6 | D:1      | Noticed a swamp drake
     6 | D:1      | Noticed a polar bear
     6 | D:1      | Noticed a komodo dragon
     7 | D:1      | Noticed a salamander
    97 | D:1      | Reached skill level 3 in Ranged Weapons
    97 | D:1      | Reached XP level 2. HP: 23/23 MP: 2/2
   714 | D:1      | 714 ||| UPGRADING to +0 leather armour.
   724 | D:1      | 724 ||| DROPPING +0 robe.
   725 | D:1      | 725 ||| READING scroll labelled ZAPIEG JEIKH.
   726 | D:1      | 726 ||| READING scroll labelled WIGYVV EMMYQ.
   730 | D:1      | 730 ||| READING scroll labelled WIAPRE QAZXOO.
   731 | D:1      | 731 ||| READING scroll labelled QIYTWUTWAY.
   732 | D:1      | 732 ||| DROPPING scroll of poison.
   762 | D:2      | Reached XP level 3. HP: 29/29 MP: 3/3
   791 | D:2      | Found a faded altar of an unknown god.
   834 | D:2      | HP: 7/29 [something (2)]
   834 | D:2      | HP: 3/29 [orc/+0 club (4)]
   834 | D:2      | Slain by an orc

Levels and vault maps discovered:
D:1:      onia_arrival_zoo_common, layout_basic
D:2:      layout_basic, basic_altar, ebering_ecumenical_altar_mist,
          serial_undead, serial_undead_c, serial_undead_e, serial_undead_e,
          serial_undead_c, serial_undead_a, uniq_crazy_yiuf_cottage,
          uniq_sigmund

Skill      XL: |  1  2 |
---------------+-------+-----
Ranged Weapons | 3 |  3.8
Fighting       | 2 |  2.0
Dodging        | |  2.1
Spellcasting   | |  1.0
Hexes          | |  2.0

Action                     || total
---------------------------++-------
   Fire: Sling             ||    91
    Use: Scroll            ||     4
 Armour: Leather armour    ||    15
         Robe              ||     2
  Dodge: Dodged            ||    28

Table legend:
 A = Non-vault XP
 B = Vault XP
 C = Vault XP percentage of total XP
 D = Non-vault monster count
 E = Vault monster count
 F = Vault count percentage of total count
                 A         B        C        D         E       F
            +---------+---------+-------+---------+---------+-------
      Total |      45 |      10 |  18.2 |      26 |       3 |  10.3
            +---------+---------+-------+---------+---------+-------
        D:1 |      31 |       0 |   0.0 |      19 |       0 |   0.0
        D:2 |      14 |      10 |  41.7 |       7 |       3 |  30.0
            +---------+---------+-------+---------+---------+-------
